 Dungeon Crawl Stone Soup version 0.13-a0-2450-ga447c6a (webtiles) character file.

459 Rycklaryybbe the Grave Robber (level 5, -1/42 HPs)
             Began as a Deep Dwarf Necromancer on July 17, 2013.
             Slain by Crazy Yiuf
             ... wielding a +2,+4 quarterstaff of chaos
              (18 damage)
             ... on Level 4 of the Dungeon.
             The game lasted 00:12:37 (3473 turns).

Rycklaryybbe the Grave Robber (DDNe)                Turns: 3473, Time: 00:12:37

HP  -1/42        AC  5     Str 12      XL: 5   Next: 60%
MP   1/10        EV 15     Int 16      God:
Gold 245         SH  0     Dex 13      Spells:  2 memorised,  6 levels left

Res.Fire  : . . .   See Invis. : .   C - +2 dagger (vamp)
Res.Cold  : . . .   Warding    : .   D - +0 ring mail (curse)
Life Prot.: . . .   Conserve   : .   (no shield)
Res.Poison: .       Res.Corr.  : .   (no helmet)
Res.Elec. : .       Clarity    : .   (no cloak)
Sust.Abil.: . .     Spirit.Shd : .   (no gloves)
Res.Mut.  : .       Rnd.Telep. : +   (no boots)
Res.Rott. : .       Flight     : .   s - cursed amulet of the gourmand
Gourmand  : +                        B - cursed ring of teleportation
                                     y - +6 ring of evasion

@: non-regenerating, very slightly contaminated, somewhat resistant to hostile
enchantments, unstealthy
A: damage resistance, recharge devices, sense surroundings 1, slow healing 3
a: Device Recharging, Evoke Teleportation


You were on level 4 of the Dungeon.
You were not hungry.

You visited 1 branch of the dungeon, and saw 4 of its levels.

You collected 225 gold pieces.

Inventory:

Hand weapons
 u - a +0,+0 whip
 A - a +0,+0 sling
 C - a +2,+2 vampiric dagger (weapon)
Missiles
 g - 10 darts (quivered)
 z - 9 steel darts
 E - a throwing net [frayed]
Armour
 x - a +0 elven ring mail
 D - a cursed +0 ring mail (worn)
Magical devices
 c - a wand of heal wounds (5)
 l - a wand of random effects (14)
Comestibles
 d - 3 bread rations
 w - a meat ration
Scrolls
 e - a scroll of identify
 i - a scroll of teleportation {unknown}
 m - 3 scrolls of amnesia
 p - a scroll of blinking
Jewellery
 a - an uncursed ring of ice {unknown}
 f - a +2 ring of dexterity
 n - a +3 ring of dexterity
 s - a cursed amulet of the gourmand (around neck)
 y - a +6 ring of evasion (left hand)
 B - a cursed ring of teleportation (right hand)
Potions
 k - a potion of speed {unknown}
 o - a potion of degeneration {unknown}
 q - 3 potions of curing {unknown}
 r - 2 potions of agility {unknown}
 t - a potion of mutation {unknown}
 v - a potion of brilliance {unknown}
Books
 b - a book of Necromancy

   Spells                             Type                      Level
   *Pain                              Necromancy                   1
   Animate Skeleton                   Necromancy                   1
   Lethal Infusion                    Charms/Necromancy            2
   *Vampiric Draining                 Necromancy                   3
   Regeneration                       Charms/Necromancy            3
   Animate Dead                       Necromancy                   4
   Control Undead                     Necromancy                   4
 h - a book of Wizardry

   Spells                             Type                      Level
   Summon Elemental                   Summoning                    4
   Agony                              Necromancy                   5
   Force Lance                        Conjuration                  5
   Fireball                           Conjuration/Fire             5
   Haste                              Charms                       6
   Invisibility                       Hexes                        6


   Skills:
 - Level 2.1 Dodging
 - Level 2.4 Stealth
 + Level 3.0 Spellcasting
 + Level 6.4 Necromancy


You had 6 spell levels left.
You knew the following spells:

 Your Spells              Type           Power        Failure   Level  Hunger
a - Pain                  Necr           ###.         1%          1    #......
b - Vampiric Draining     Necr           ###.......   8%          3    ###....


Dungeon Overview and Level Annotations

Branches:
Dungeon (4/27)
 Temple: D:4-7

Altars:

Annotations
D:4 Crazy Yiuf; Rycklaryybbe's ghost, average DrNe


Innate Abilities, Weirdness & Mutations

You are resistant to damage.
You can recharge devices by infusing magical energy.
You passively map a small area around you.
You do not heal naturally.


Message History

Confirm with . or Enter, or press ? or * to list all spells.
Aiming: Vampiric Draining
Press: ? - help, Shift-Dir - straight line, f/p - Crazy Yiuf
Aim: Crazy Yiuf, wielding a quarterstaff of chaos and wearing a cloak (moderately wounded)
You miscast Vampiric Draining.
You are very lightly contaminated with residual magic.
Nothing appears to happen.
Crazy Yiuf says, "Whiteboard koolooloo senile!"
Crazy Yiuf hits you with a quarterstaff of chaos!
Casting: Vampiric Draining
Confirm with . or Enter, or press ? or * to list all spells.
Aiming: Vampiric Draining
Press: ? - help, Shift-Dir - straight line, f/p - Crazy Yiuf
Aim: Crazy Yiuf, wielding a quarterstaff of chaos and wearing a cloak (lightly wounded)
You miscast Vampiric Draining.
The world around you seems to dim momentarily.
Crazy Yiuf grits, "Iron ladder stair!"
Crazy Yiuf hits you with a quarterstaff of chaos!
You are electrocuted!
You die...

......##.#
###..))###...........
#####.##.# #....#
##.#######.. #.##.#
#P.ff# #.# ###
#####.##.### ##f..#
##.#########
...........# ##.##
#...........
#####.##.### ##.#
##.######### #.##.#
#.## #^# #.##.###
##.# #[# #......#
#@## #.# ####.### #g#
#.# #.# *...* #.# #.#
#...# ##.#
########.## #)..#
#..# ..........#
##### #..#
..........# #..#
..........# #..#
..........# ####


You could see Crazy Yiuf.

Vanquished Creatures
  A hound (D:4)
  A scorpion (D:4)
  2 worker ants (D:4)
  5 adders
  A worm (D:4)
  A giant gecko (D:2)
  3 oozes
  2 orcs
  7 bats
  5 giant cockroaches
  6 hobgoblins
  7 kobolds
  A quokka (D:4)
  3 ball pythons
  4 giant newts
  9 goblins
  7 rats
65 creatures vanquished.

Vanquished Creatures (others)
  A hobgoblin (D:1)
1 creature vanquished.

Grand Total: 66 creatures vanquished

Notes
Turn   | Place    | Note
--------------------------------------------------------------
     0 | D:1      | Rycklaryybbe, the Deep Dwarf Necromancer, began the quest for the Orb.
     0 | D:1      | Reached XP level 1. HP: 15/15 MP: 3/3
   246 | D:1      | Reached XP level 2. HP: 22/22 MP: 1/4
   745 | D:1      | Reached skill level 5 in Necromancy
  1184 | D:2      | Reached XP level 3. HP: 26/28 MP: 0/6
  1480 | D:2      | Reached XP level 4. HP: 30/36 MP: 1/8
  2880 | D:3      | Learned a level 3 spell: Vampiric Draining
  2934 | D:4      | Reached skill level 6 in Necromancy
  2934 | D:4      | Reached XP level 5. HP: 31/42 MP: 2/10
  3029 | D:4      | Noticed Rycklaryybbe's ghost (average DrNe)
  3468 | D:4      | Noticed Crazy Yiuf
  3473 | D:4      | Slain by Crazy Yiuf

Action                   |  1- 3 |  4- 6 || total
-------------------------+-------+-------++-------
Melee: Unarmed           |     3 |       ||     3
       Whip              |    22 |    58 ||    80
       Dagger            |       |    40 ||    40
Throw: Dart              |     1 |       ||     1
 Cast: Pain              |    67 |    19 ||    86
       Vampiric Draining |       |     7 ||     7
  Use: Scroll            |       |     9 ||     9
